 Dungeon Crawl Stone Soup version 0.31-a0-246-g8cbcc1cb85 (webtiles) character file.

Game seed: 17331026383506779509

561 Iniera the Trooper (level 7, 0/55 HPs)
             Began as a Demonspawn Brigand on July 12, 2023.
             Slain by a gnoll bouda
             ... wielding a +0 whip
              (7 damage)
             ... on level 4 of the Dungeon.
             The game lasted 00:05:09 (3066 turns).

Iniera the Trooper (Demonspawn Brigand)             Turns: 3066, Time: 00:05:09

Health: 0/55       AC:  8    Str: 13    XL:     7   Next: 9%
Magic:  7/7        EV: 12    Int: 12    God:
Gold:   117        SH:  0    Dex: 17    Spells: 6/6 levels left

rFire   + . .        r - +2 whip (elec)
rCold   . . .        (no shield)
rNeg    . . .        q - +2 ring mail {rF+}
rPois   +            (no helmet)
rElec   .            c - +0 cloak
rCorr   .            (no gloves)
SInv    .            (no boots)
Will    +....        (no amulet)
Stlth   +++          o - ring of willpower
HPRegen 0.29/turn    e - ring of poison resistance
MPRegen 0.10/turn

%: no passive effects
@: no status effects
A: thin skeletal structure 1, foul stench 1, demonic touch 2
a: no special abilities


You were on level 4 of the Dungeon.
You visited 1 branch of the dungeon, and saw 4 of its levels.

You collected 260 gold pieces.
You spent 143 gold pieces at shops.

Inventory:

Hand Weapons
 r - a +2 whip of electrocution (weapon)
Missiles
 d - 15 poisoned darts (quivered)
 z - 3 curare-tipped darts
Armour
 c - a +0 cloak (worn)
 q - a +2 ring mail of fire resistance (worn)
Jewellery
 e - a ring of poison resistance (right hand)
 o - a ring of willpower (left hand)
Scrolls
 a - a scroll of immolation {unknown}
 b - 2 scrolls of identify
 g - a scroll of blinking {unknown}
 k - a scroll of brand weapon
 l - 2 scrolls of enchant weapon
Potions
 f - a potion of resistance {unknown}
 h - a potion of heal wounds
 i - 4 potions of curing
 j - a potion of magic
 m - 3 potions of haste
 n - a potion of enlightenment {unknown}
 p - 2 potions of attraction {unknown}


   Skills:
 + Level 4.5 Fighting
 - Level 1.7 Short Blades
 * Level 2.8 Maces & Flails
 - Level 1.7 Throwing
 + Level 2.7 Armour
 + Level 3.7 Dodging
 - Level 3.6 Stealth


You had 6 spell levels left.
You didn't know any spells.
Your spell library contained the following spells:

 Spells                   Type           Power      Damage    Failure   Level
 Hailstorm                Conj/Ice       0%         3d3       90%         3
 Summon Ice Beast         Ice/Summ       0%         N/A       100%        4
 Simulacrum               Ice/Necr       0%         N/A       100%        6


Dungeon Overview and Level Annotations

Branches:
Dungeon (4/15)
 Temple: D:4-7

Altars:
Qazlal
Yredelemnul

Shops:
D:1 =   D:3 !


Innate Abilities, Weirdness & Mutations

You have a somewhat thin skeletal structure. (Dex +2, Stealth+)
You may rarely emit foul miasma when damaged in melee.
Your touch may inflict irresistible damage on your foes.


Message History

The ball python misses you. The ball python grabs you.
The ball python constricts you. The gnoll hits you but does no damage.
You escape the ball python's grasp.
The gnoll attacks as you move away! The gnoll hits you with a +0 club.
Found a plate armour.
Your attacks no longer feel as feeble.
The gnoll hits you from afar with a +0 halberd!
The gnoll closely misses you.
The ball python attacks as you move away!
The ball python bites you but does no damage. x2
The ball python grabs you. The ball python constricts you.
You barely miss the ball python. The gnoll barely misses you.
The ball python barely misses you. The ball python constricts you.
You closely miss the ball python. The ball python completely misses you.
The ball python constricts you.
The gnoll hits you from afar with a +0 halberd.
You escape the ball python's grasp.
You hit the ball python.
Lightning courses through the ball python!!
You kill the ball python!
The gnoll hits you with a +0 halberd!
You hit the gnoll bouda.
The gnoll bouda is moderately wounded.
The gnoll is no longer moving quickly.
The gnoll bouda barely misses you. The gnoll barely misses you.
You hit the gnoll.
The gnoll is lightly wounded.
The gnoll bouda barks out a call to the hunt!
The gnoll picks up the pace!
You hit the gnoll but do no damage. Your touch misses the gnoll.
Your punch misses the gnoll.
The gnoll is lightly wounded.
The gnoll closely misses you.
The gnoll bouda hits you with a +0 whip.
* * * LOW HITPOINT WARNING * * *
You barely miss the gnoll. Your touch misses the gnoll.
The gnoll is lightly wounded.
The gnoll hits you with a +0 halberd!
* * * LOW HITPOINT WARNING * * *
The gnoll bouda hits you with a +0 whip!
You die...

#<# ###.# #. .##.# .
.##.# .# .##.# ######
.#### .##.######....#
.....
.##.##....##..####..#
.##.##.##.....##.g..#
###.##.######.##@#..# #
#........##.##g#..##.
###..#..#####.#gg.......
...............†......>#
........#........#.....#
.##.#.....####......##.#
.##.....)............# .
###.......##........#..
.##..####.###.......#[#


You could see a gnoll bouda and 3 gnolls.

Vanquished Creatures
  Sigmund (D:4)
  Blork the orc (D:4)
  A bullfrog (D:4)
  A jelly (D:4)
  An orc priest (D:3)
  An iguana (D:4)
  6 adders
  4 gnolls
  An ufetubus (D:4)
  3 dart slugs (D:1)
  7 orcs (D:3)
  5 ball pythons
  5 endoplasms
  3 giant cockroaches
  7 goblins
  7 hobgoblins
  6 jackals
  4 kobolds
  2 quokkas (D:2)
  9 bats
  6 rats
  A spectral goblin (D:3)
82 creatures vanquished.

Notes
Turn   | Place    | Note
-------+----------+-------------------------------------------
     0 | D:1      | Iniera the Demonspawn Brigand began the quest for the Orb.
     0 | D:1      | Reached XP level 1. HP: 16/16 MP: 1/1
    10 | D:1      | Reached skill level 1 in Dodging
    95 | D:1      | Found Pacimey's One-of-a-Kind Rings.
   128 | D:1      | Gained mutation: You have a somewhat thin skeletal
                  | structure. (Dex +2, Stealth+) [demonic ancestry]
   128 | D:1      | Reached XP level 2. HP: 23/23 MP: 2/2
   567 | D:1      | Gained mutation: You may rarely emit foul miasma when
                  | damaged in melee. [demonic ancestry]
   567 | D:1      | Reached XP level 3. HP: 28/28 MP: 3/3
   970 | D:2      | Reached skill level 3 in Fighting
  1331 | D:2      | Found a basalt altar of Yredelemnul.
  2065 | D:3      | Gained mutation: Your touch may inflict minor irresistible
                  | damage on your foes. [demonic ancestry]
  2065 | D:3      | Reached XP level 4. HP: 19/35 MP: 4/4
  2248 | D:3      | Reached skill level 1 in Armour
  2258 | D:3      | Reached XP level 5. HP: 25/42 MP: 3/5
  2365 | D:3      | Found a faded altar of an unknown god.
  2403 | D:3      | Found Nacwir's Distillery.
  2407 | D:3      | Bought a potion of degeneration for 13 gold pieces
  2408 | D:3      | Bought a potion of haste for 130 gold pieces
  2616 | D:4      | Noticed Sigmund
  2625 | D:4      | Killed Sigmund
  2626 | D:4      | Reached skill level 4 in Fighting
  2626 | D:4      | Reached skill level 1 in Maces & Flails
  2626 | D:4      | Gained mutation: Your touch may inflict irresistible damage
                  | on your foes. [demonic ancestry]
  2626 | D:4      | Reached XP level 6. HP: 39/48 MP: 6/6
  2836 | D:4      | Found a stormy altar of Qazlal.
  2837 | D:4      | Noticed Blork the orc
  2842 | D:4      | Killed Blork the orc
  2876 | D:4      | Reached XP level 7. HP: 55/55 MP: 7/7
  3066 | D:4      | Slain by a gnoll bouda

Illustrated notes

Levels and vault maps discovered:
D:1:      minmay_arrival_five_plusses, layout_basic,
          chequers_serial_rivers_large_a, nicolae_shop_unique_rings,
          roderic_roman_lattice, minmay_split_cup_small
D:2:      cheibrodos_old_hovel, layout_basic, basic_altar
D:3:      layout_basic, serial_shops, shop,
          dreamdust_ecumenical_altar_drowned_temple, minmay_misc_feat_five,
          minmay_gold_behind_fungi, columned_hall_lemuel
D:4:      layout_basic, nicolae_overflow_crystal_walls,
          gammafunk_ghost_gnarly_gnolls, uniq_sigmund, uniq_natasha,
          uniq_blork_the_orc

Skill      XL: |  1  2  3  4  5  6 |
---------------+-------------------+-----
Dodging        | 1 2 3 |  3.7
Fighting       | 3 4 |  4.5
Armour         | 1 2 |  2.7
Maces & Flails | 1 2 |  2.8
Short Blades   | |  1.7
Throwing       | |  1.7
Stealth        | |  3.6

Action                     |  1- 3 |  4- 6 |  7- 9 || total
---------------------------+-------+-------+-------++-------
  Melee: Dagger            |   157 |    52 |       ||   209
         Punch             |     2 |     2 |       ||     4
         Touch             |       |    18 |     2 ||    20
         Whip              |       |    25 |    13 ||    38
  Throw: Dart              |     4 |       |       ||     4
    Use: Scroll            |     7 |       |       ||     7
   Stab: Sleeping          |    14 |     4 |     1 ||    19
 Armour: Robe              |    30 |       |       ||    30
         Ring mail         |     3 |    18 |     6 ||    27
  Dodge: Dodged            |    79 |    41 |    16 ||   136

Table legend: (Time is in decaauts)
 A = Elapsed time spent in this place.
 B = Non-inter-level travel time spent in this place.
 C = Inter-level travel time spent in this place.
 D = Time resting spent in this place.
 E = Time spent auto-exploring this place.
 F = Levels seen in this place.
 G = Mean time per level.
                   A        B        C        D        E       F      G
               +--------+--------+--------+--------+--------+-----+--------+
         Total |   3060 |   2890 |    170 |     95 |   2194 |   4 |  765.0 |
       Dungeon |   3060 |   2890 |    170 |     95 |   2194 |   4 |  765.0 |
               +--------+--------+--------+--------+--------+-----+--------+

Top non-repeatable levels by time:
     D:2: 1040 daAuts
     D:1: 941 daAuts
     D:3: 606 daAuts
     D:4: 472 daAuts
